 Dungeon Crawl Stone Soup version 0.24-a0-381-g637bb3806f (webtiles) character file.

Game seed: 11788326648144829719

2429 Inarius the Arsonist (level 9, -3/51 (52) HPs)
             Began as a Deep Elf Fire Elementalist on June 3, 2019.
             Slain by a hellwing (13 damage)
             ... on level 7 of the Dungeon.
             The game lasted 00:18:17 (7841 turns).

Inarius the Arsonist (Deep Elf Fire Elementalist)   Turns: 7841, Time: 00:18:17

HP:   -3/51 (52)    AC:  4    Str:  5    XL:     9   Next: 24%
MP:   12/19         EV: 14    Int: 24    God:
Gold: 403           SH:  0    Dex: 15    Spells: 3/18 levels left

rFire    . . .     SeeInvis .   t - +1 dagger
rCold    . . .     Gourm    .   (no shield)
rNeg     . . .     Faith    .   a - +1 robe
rPois    .         Spirit   .   d - +0 helmet
rElec    .         Reflect  .   (no cloak)
rCorr    .         Harm     .   (no gloves)
MR       .....                  (no boots)
Stlth    ++........             (no amulet)
HPRegen  0.00/turn              (no ring)
MPRegen  0.16/turn              (no ring)

@: flying, non-regenerating, mildly diseased
A: no striking features
a: no special abilities


You were on level 7 of the Dungeon.
You were not hungry.

You visited 1 branch of the dungeon, and saw 7 of its levels.

You collected 403 gold pieces.

Inventory:

Hand Weapons
 t - a +1 dagger (weapon)
 u - a +2 antimagic whip
Missiles
 h - 7 silver javelins (quivered)
Armour
 a - a +1 robe (worn)
 d - a +0 helmet (worn)
 n - a +0 ring mail
Wands
 r - a wand of polymorph (13)
Scrolls
 j - 4 scrolls of amnesia
 o - 2 scrolls of remove curse
Potions
 b - a potion of heal wounds {unknown}
 e - a potion of agility {unknown}
 f - a potion of haste {unknown}
 g - 2 potions of resistance
 i - a potion of berserk rage {unknown}
 k - a potion of lignification {unknown}
 l - a potion of flight
 q - a potion of curing {unknown}
 s - a potion of brilliance {unknown}
 v - a potion of might
Comestibles
 c - 8 rations
 x - 2 chunks of flesh


   Skills:
 * Level 4.0 Fighting
 + Level 1.2 Short Blades
 - Level 1.0 Maces & Flails
 + Level 3.5 Dodging
 - Level 2.4 Stealth
 - Level 5.3 Spellcasting
 + Level 5.7 Conjurations
 * Level 9.3 Fire Magic
 * Level 4.1 Evocations


You had 3 spell levels left.
You knew the following spells:

 Your Spells              Type           Power        Failure   Level  Hunger
a - Flame Tongue          Conj/Fire      #####        1%          1    None
b - Throw Flame           Conj/Fire      #####.       1%          2    None
c - Conjure Flame         Conj/Fire      #####...     1%          3    ##.....
d - Sticky Flame          Conj/Fire      #####...     3%          4    ####...
e - Fireball              Conj/Fire      #####.....   11%         5    #####..

Your spell library contained the following spells:

 Spells                   Type           Power        Failure   Level  Hunger
 Inner Flame              Hex/Fire       ####....     3%          3    ##.....


Dungeon Overview and Level Annotations

Branches:
Dungeon (7/15)             Temple (0/1) D:7

Altars:
Gozag
Hepliaklqana
Kikubaaqudgha
Makhleb
Qazlal
Trog
Xom
Yredelemnul
Zin


Message History

The hellwing burns!
The hellwing hits you!
The hellwing hits you but does no damage.
As you read the scroll of fear, it crumbles to dust.
You assume a fearsome visage.
The hellwing is unaffected.
The centaur warrior skeleton is unaffected.
The hellwing burns!
The hellwing hits you. x2
The hellwing burns!
As you read the scroll labeled VOXUMEDIAL, it crumbles to dust.
You feel aware of your surroundings.
You sensed 1 shop/portal.
It was a scroll of magic mapping.
The hellwing burns!
The hellwing hits you!
* * * LOW HITPOINT WARNING * * *
The hellwing barely misses you.
The hellwing burns!
The hellwing stops burning.
The hellwing swoops through the air toward you!
The hellwing closely misses you. The hellwing hits you.
* * * LOW HITPOINT WARNING * * *
It was a potion of flight.
You feel very buoyant.
You fly up into the air.
The hellwing hits you!
You die...

#..............#.#,.)#..,*,,,*,,,
#.......###....#.#,*.$.,***,,,,,,
###....## ##....##***..#,*,*,,*,,
#....# ##....## *,4.,*,,,,,,,
##.#.########...##*,*.,*,,,,***
#.#.....# ###†.##,,,,,,**,***
####..)....# #####Z.#**,*,*,>,,,,
....÷.....####..#..##**,*,,,,,,**
####.######*#...@.##,,,,,,,,,,,,,
#.### #∩_.4###*********,,,**
#...# ##..#* **,** #.#.# ***###*
*,* #.#.# *,* *,* #.#.# *,* *,*
##.#.# *,* *,* #..#.# *,# *,*
#..#.###.###******** *,*


You could see a hellwing and a centaur warrior skeleton.

Vanquished Creatures
  2 centaur skeletons (D:7)
  2 eyes of draining (D:5)
  A sky beast (D:6)
  An ice beast (D:6)
  An ogre (D:5)
  A necrophage (D:7)
  A phantom (D:6)
  A black bear (D:7)
  A wyvern skeleton (D:6)
  A scorpion (D:6)
  3 wights (D:6)
  A howler monkey (D:4)
  A bullfrog zombie (D:6)
  2 orc priests
  4 hounds
  3 jellies
  A bullfrog skeleton (D:5)
  3 orc wizards
  Natasha (twice) (D:2)
  5 worker ants
  3 hound skeletons
  A worker ant zombie (D:5)
  A howler monkey skeleton (D:5)
  A gnoll (D:5)
  10 adders
  3 shadow imps
  An ooze (D:3)
  2 adder zombies
  6 worms
  6 dart slugs
  7 leopard geckos
  19 orcs
  5 giant cockroaches
  5 goblins
  8 hobgoblins
  21 jackals
  5 kobolds
  3 quokkas
  3 ball pythons
  4 bats
  4 frilled lizards
  A jackal skeleton (D:6)
  2 quokka skeletons (D:4)
  A quokka zombie (D:5)
  8 rats
167 creatures vanquished.

Vanquished Creatures (others)
  A withered plant (D:7)
1 creature vanquished.

Grand Total: 168 creatures vanquished

Notes
Turn   | Place    | Note
-------+----------+-------------------------------------------
     0 | D:1      | Inarius the Deep Elf Fire Elementalist began the quest for
                  | the Orb.
     0 | D:1      | Reached XP level 1. HP: 10/10 MP: 6/6
   179 | D:1      | Reached XP level 2. HP: 15/15 MP: 1/8
   700 | D:2      | Learned a level 2 spell: Throw Flame
   703 | D:2      | Reached skill level 4 in Fire Magic
   703 | D:2      | Reached XP level 3. HP: 20/20 MP: 5/9
  1028 | D:2      | Found an opulent altar of Gozag.
  1110 | D:2      | Learned a level 3 spell: Conjure Flame
  1164 | D:2      | Noticed Natasha
  1180 | D:2      | Killed Natasha
  1180 | D:2      | Reached skill level 1 in Fighting
  1180 | D:2      | Reached XP level 4. HP: 12/25 MP: 8/12
  1481 | D:2      | Noticed Natasha
  1484 | D:2      | Killed Natasha
  1706 | D:2      | Reached XP level 5. HP: 29/29 MP: 1/13
  2080 | D:2      | Reached skill level 5 in Fire Magic
  3040 | D:3      | Learned a level 4 spell: Sticky Flame
  3234 | D:3      | Reached XP level 6. HP: 16/35 MP: 6/15
  3623 | D:3      | You fall into a shaft and drop 3 floors!
  3623 | D:6      | Found a stormy altar of Qazlal.
  3778 | D:6      | Found a shimmering altar of Xom.
  3778 | D:6      | Noticed a sky beast
  3803 | D:5      | Entered Level 5 of the Dungeon
  4005 | D:5      | Reached skill level 5 in Spellcasting
  4398 | D:5      | Reached skill level 6 in Fire Magic
  4398 | D:5      | Reached XP level 7. HP: 40/40 MP: 4/17
  5424 | D:4      | Reached skill level 1 in Evocations
  6184 | D:5      | Reached skill level 7 in Fire Magic
  6282 | D:5      | Found a bloodstained altar of Trog.
  6350 | D:5      | Reached XP level 8. HP: 46/46 MP: 1/18
  6538 | D:6      | Learned a level 5 spell: Fireball
  6614 | D:6      | Reached skill level 1 in Maces & Flails
  6652 | D:6      | Found a hazy altar of Hepliaklqana.
  6791 | D:6      | Found an ancient bone altar of Kikubaaqudgha.
  6895 | D:6      | Found a basalt altar of Yredelemnul.
  6989 | D:6      | Reached skill level 5 in Conjurations
  7109 | D:6      | Reached skill level 8 in Fire Magic
  7299 | D:7      | Noticed a hellwing
  7437 | D:7      | Found a glowing silver altar of Zin.
  7504 | D:7      | Reached skill level 1 in Short Blades
  7504 | D:7      | Reached XP level 9. HP: 52/52 MP: 11/19
  7699 | D:7      | Reached skill level 9 in Fire Magic
  7775 | D:7      | Found a burning altar of Makhleb.
  7834 | D:7      | Noticed a hellwing
  7841 | D:7      | Slain by a hellwing

Levels and vault maps discovered:
D:1:      minmay_arrival_jagged, layout_rooms, chequers_garden,
          minmay_splitting_lines, grunt_decor_cap, minmay_fountain_box
D:2:      layout_basic, corner_web_ring, grunt_gozag_breadcrumbs, uniq_natasha
D:3:      layout_loops_corners
D:4:      layout_gridville
D:5:      layout_loops_ring, trog_eyes_of_draining, first_ration
D:6:      layout_loops_cross, overflow_temple_1_default,
          nicolae_overflow_crystal_walls, kennysheep_mini_moat,
          kennysheep_little_box, marbit_many_paths
D:7:      cheibrodos_grave_circle, layout_loops_ring, zin_academy,
          makhleb_blood_cavern_becter, minmay_temple_entry_arrows

Skill      XL: |  1  2  3  4  5  6  7  8  9 |
---------------+----------------------------+-----
Fire Magic     | 4 5 6 7 8 9 |  9.3
Fighting       | 1 2 3 4 |  4.0
Spellcasting   | 4 5 |  5.3
Conjurations   | 2 3 4 5 |  5.7
Dodging        | 3 |  3.5
Evocations     | 1 3 4 |  4.1
Maces & Flails | 1 |  1.0
Short Blades   | 1 |  1.2
Stealth        | |  2.4

Action                   |  1- 3 |  4- 6 |  7- 9 || total
-------------------------+-------+-------+-------++-------
Melee: Short sword       |    18 |    24 |     5 ||    47
       Whip              |       |       |    57 ||    57
       Dagger            |       |       |     1 ||     1
 Cast: Flame Tongue      |    51 |    94 |    67 ||   212
       Throw Flame       |     7 |    61 |    94 ||   162
       Conjure Flame     |       |     1 |     3 ||     4
       Sticky Flame      |       |     5 |    11 ||    16
       Fireball          |       |       |     1 ||     1
  Use: Scroll            |     3 |     2 |     4 ||     9
       Potion            |       |       |     2 ||     2
 Stab: Sleeping          |     1 |       |     1 ||     2
  Eat: Chunk             |     1 |     8 |    12 ||    21
       Ration            |       |     1 |       ||     1
Armor: Robe              |    11 |    18 |     6 ||    35
Dodge: Dodged            |    31 |    44 |    29 ||   104

Table legend:
 A = Non-vault XP
 B = Vault XP
 C = Vault XP percentage of total XP
 D = Non-vault monster count
 E = Vault monster count
 F = Vault count percentage of total count
                 A         B        C        D         E       F
            +---------+---------+-------+---------+---------+-------
      Total |    2130 |    1341 |  38.6 |     155 |      12 |   7.2
            +---------+---------+-------+---------+---------+-------
        D:1 |      31 |       0 |   0.0 |      16 |       0 |   0.0
        D:2 |     165 |      35 |  17.5 |      35 |       1 |   2.8
        D:3 |     223 |       0 |   0.0 |      33 |       0 |   0.0
        D:4 |     340 |       0 |   0.0 |      20 |       0 |   0.0
        D:5 |     500 |     262 |  34.4 |      27 |       4 |  12.9
        D:6 |     661 |     129 |  16.3 |      18 |       1 |   5.3
        D:7 |     210 |     915 |  81.3 |       6 |       6 |  50.0
            +---------+---------+-------+---------+---------+-------
